TOP OF THE 1ST |
Colorado Commanders batting - Pitching for Jasper Cougars : LHP Jon Vaughn
|
Pitching: LHP Jon Vaughn
|
|
Batting: RHB Samuel Pasolini
|
0-0: Fly out, F8 (Flyball, 8LM)
|
Batting: RHB Randall Luna
|
0-0: Fly out, F3 (Popup, 34)
|
Batting: RHB Chris Rice
|
0-0: Called Strike 0-1: SINGLE (Groundball, 34D) (infield hit)
|
Batting: RHB Kyle Vélez
|
0-0: Swinging Strike 0-1: Called Strike 0-2: Ball 1-2: Foul Ball, location: 2F 1-2: Ball 2-2: Strikes out swinging
|
Top of the 1st over - 0 run(s), 1 hit(s), 0 error(s), 1 left on base; Colorado 0 - Jasper 0 |
BOTTOM OF THE 1ST |
Jasper Cougars batting - Pitching for Colorado Commanders : RHP José Deleón
|
Pitching: RHP José Deleón
|
|
Batting: SHB Carlos Córdova
|
0-0: Ball 1-0: Foul Ball, location: 2F 1-1: Ball 2-1: Foul Ball, location: 2F 2-2: Fly out, F7 (Flyball, 7M)
|
Batting: LHB António Camacho
|
0-0: Swinging Strike 0-1: Ball 1-1: Swinging Strike 1-2: Strikes out swinging
|
Batting: RHB David Hernández
|
0-0: Ball 1-0: Ball 2-0: SINGLE (Groundball, 34D)
|
Batting: SHB Ron Edwards
|
0-0: Called Strike 0-1: Swinging Strike 0-2: Ball 1-2: Ball 2-2: Foul Ball, location: 2F 2-2: Ball 3-2: Base on Balls David Hernández to second
|
Batting: RHB George Reeves
|
0-0: Called Strike 0-1: Foul Ball, location: 2F 0-2: Ball 1-2: Fly out, F9 (Flyball, 9M)
|
Bottom of the 1st over - 0 run(s), 1 hit(s), 0 error(s), 2 left on base; Colorado 0 - Jasper 0 |
TOP OF THE 2ND |
Colorado Commanders batting - Pitching for Jasper Cougars : LHP Jon Vaughn
|
Batting: RHB Frank Martínez
|
0-0: Ground out 5-3 (Groundball, 56)
|
Batting: RHB Nick Crosby
|
0-0: Foul Ball, location: 2F 0-1: Swinging Strike 0-2: Foul Ball, location: 2F 0-2: Foul Ball, location: 2F 0-2: Ball 1-2: Fly out, F9 (Flyball, 89M)
|
Batting: RHB Carlos Jiménez
|
0-0: Called Strike 0-1: Called Strike 0-2: Foul Ball, location: 2F 0-2: Strikes out looking
|
Top of the 2nd over - 0 run(s), 0 hit(s), 0 error(s), 0 left on base; Colorado 0 - Jasper 0 |
BOTTOM OF THE 2ND |
Jasper Cougars batting - Pitching for Colorado Commanders : RHP José Deleón
|
Batting: LHB Kyle Harrison
|
0-0: Ball 1-0: Ball 2-0: Ball 3-0: Base on Balls
|
Batting: SHB Rafael Acosta
|
0-0: Called Strike 0-1: Ball 1-1: Swinging Strike 1-2: Ball 2-2: Foul Ball, location: 2F 2-2: Foul Ball, location: 2F 2-2: Strikes out swinging
|
Batting: RHB Neil Weeks
|
0-0: SINGLE (Flyball, 4D) Kyle Harrison to second
|
Batting: LHB John Stone
|
0-0: Called Strike 0-1: Ball 1-1: Swinging Strike 1-2: Hit by Pitch Kyle Harrison to third Neil Weeks to second
|
Batting: SHB Carlos Córdova
|
0-0: Foul Ball, location: 2F 0-1: Ball 1-1: Ball 2-1: Swinging Strike 2-2: Foul Ball, location: 2F 2-2: Ball 3-2: Foul Ball, location: 2F 3-2: Fly out, F7 (Flyball, 78M) Runner from 3rd tags up, SCORES, no throw
|
Batting: LHB António Camacho
|
0-0: DOUBLE (Groundball, 5L) Neil Weeks scores John Stone to third
|
Batting: RHB David Hernández
|
0-0: Ball 1-0: DOUBLE (Line Drive, 78M) John Stone scores António Camacho scores
|
Batting: SHB Ron Edwards
|
0-0: Called Strike 0-1: Ball 1-1: Fly out, F3 (Line Drive, 3)
|
Bottom of the 2nd over - 4 run(s), 3 hit(s), 0 error(s), 1 left on base; Colorado 0 - Jasper 4 |
TOP OF THE 3RD |
Colorado Commanders batting - Pitching for Jasper Cougars : LHP Jon Vaughn
|
Batting: RHB Adam Reeves
|
0-0: Ball 1-0: Called Strike 1-1: Foul Ball, location: 2F 1-2: Strikes out swinging
|
Batting: RHB Tony Barton
|
0-0: Ball 1-0: Foul Ball, location: 2F 1-1: Ball 2-1: Called Strike 2-2: SINGLE (Groundball, 4D)
|
Batting: RHB Samuel Pasolini
|
0-0: Ball 1-0: Foul Ball, location: 2F 1-1: Foul Ball, location: 2F 1-2: Ball Tony Barton steals 2nd base 2-2: Ball 3-2: Foul Ball, location: 2F 3-2: Foul Ball, location: 2F 3-2: Foul Ball, location: 2F 3-2: Base on Balls
|
Batting: RHB Randall Luna
|
0-0: Called Strike 0-1: Ball 1-1: Fielders Choice at 2nd, 5-4 (Groundball, 56) Tony Barton to third
|
Batting: RHB Chris Rice
|
0-0: Ball 1-0: Swinging Strike 1-1: Ball 2-1: Fielders Choice at 2nd, 6-4 (Groundball, 6)
|
Top of the 3rd over - 0 run(s), 1 hit(s), 0 error(s), 1 left on base; Colorado 0 - Jasper 4 |
BOTTOM OF THE 3RD |
Jasper Cougars batting - Pitching for Colorado Commanders : RHP José Deleón
|
Batting: RHB George Reeves
|
0-0: Called Strike 0-1: Foul Ball, location: 2F 0-2: DOUBLE (Line Drive, 9LM)
|
Batting: LHB Kyle Harrison
|
0-0: Called Strike 0-1: DOUBLE (Flyball, 7D) George Reeves scores
|
Batting: SHB Rafael Acosta
|
0-0: SINGLE (Flyball, 89S) Kyle Harrison to third
|
Batting: RHB Neil Weeks
|
0-0: Foul Ball, location: 2F 0-1: Called Strike 0-2: Ball 1-2: Ball 2-2: Ball 3-2: Fly out, F2 (Popup, 2LF)
|
Batting: LHB John Stone
|
0-0: Called Strike 0-1: Ball 1-1: Ball 2-1: Foul Ball, location: 2F 2-2: Strikes out swinging
|
Batting: SHB Carlos Córdova
|
0-0: Ball 1-0: Foul Ball, location: 2F 1-1: Swinging Strike 1-2: Strikes out looking
|
Bottom of the 3rd over - 1 run(s), 3 hit(s), 0 error(s), 2 left on base; Colorado 0 - Jasper 5 |
TOP OF THE 4TH |
Colorado Commanders batting - Pitching for Jasper Cougars : LHP Jon Vaughn
|
Batting: RHB Kyle Vélez
|
0-0: Ground out 6-3 (Groundball, 6M)
|
Batting: RHB Frank Martínez
|
0-0: Foul Ball, location: 2F 0-1: Ball 1-1: Called Strike 1-2: Strikes out looking
|
Batting: RHB Nick Crosby
|
0-0: Called Strike 0-1: Ground out 6-3 (Groundball, 6)
|
Top of the 4th over - 0 run(s), 0 hit(s), 0 error(s), 0 left on base; Colorado 0 - Jasper 5 |
BOTTOM OF THE 4TH |
Jasper Cougars batting - Pitching for Colorado Commanders : RHP José Deleón
|
Batting: LHB António Camacho
|
0-0: Called Strike 0-1: Ball 1-1: Foul Ball, location: 2F 1-2: Ball 2-2: Foul Ball, location: 2F 2-2: Ball 3-2: Base on Balls
|
Pitching: RHP Pedro Vélez
|
|
Batting: RHB David Hernández
|
0-0: Foul Ball, location: 2F 0-1: Ball 1-1: SINGLE (Flyball, 89S) António Camacho to second
|
Batting: SHB Ron Edwards
|
0-0: Ball 1-0: DOUBLE (Line Drive, 3L) António Camacho scores David Hernández to third
|
Batting: RHB George Reeves
|
0-0: Ground out 5-3 (Groundball, 56) David Hernández scores
|
Batting: LHB Kyle Harrison
|
0-0: Called Strike 0-1: Ball 1-1: Ball 2-1: Foul Ball, location: 2F 2-2: Foul Ball, location: 2F 2-2: SINGLE (Groundball, 6MD) Ron Edwards to third
|
Batting: SHB Rafael Acosta
|
0-0: Ball 1-0: Fly out, F7 (Flyball, 7D) Runner from 3rd tags up, SCORES, no throw
|
Batting: RHB Neil Weeks
|
0-0: Foul Ball, location: 2F 0-1: Swinging Strike 0-2: Strikes out swinging
|
Bottom of the 4th over - 3 run(s), 3 hit(s), 0 error(s), 1 left on base; Colorado 0 - Jasper 8 |
TOP OF THE 5TH |
Colorado Commanders batting - Pitching for Jasper Cougars : LHP Jon Vaughn
|
Batting: RHB Carlos Jiménez
|
0-0: Fly out, F2 (Popup, 23F)
|
Batting: RHB Adam Reeves
|
0-0: Ball 1-0: Ball 2-0: Foul Ball, location: 2F 2-1: Ball 3-1: Called Strike 3-2: Strikes out looking
|
Batting: RHB Tony Barton
|
0-0: Called Strike 0-1: Ball 1-1: Foul Ball, location: 2F 1-2: Strikes out looking
|
Top of the 5th over - 0 run(s), 0 hit(s), 0 error(s), 0 left on base; Colorado 0 - Jasper 8 |
BOTTOM OF THE 5TH |
Jasper Cougars batting - Pitching for Colorado Commanders : RHP Pedro Vélez
|
Batting: LHB John Stone
|
0-0: Ball 1-0: Fly out, F8 (Flyball, 8LXD)
|
Batting: SHB Carlos Córdova
|
0-0: Ball 1-0: Called Strike 1-1: Ball 2-1: Foul Ball, location: 2F 2-2: Ball 3-2: Foul Ball, location: 2F 3-2: Strikes out swinging
|
Batting: LHB António Camacho
|
0-0: Ball 1-0: Ball 2-0: Foul Ball, location: 2F 2-1: Ball 3-1: Foul Ball, location: 2F 3-2: Foul Ball, location: 2F 3-2: Foul Ball, location: 2F 3-2: Base on Balls
|
Batting: RHB David Hernández
|
0-0: Ball 1-0: Ball 2-0: Fly out, F7 (Flyball, 7M)
|
Bottom of the 5th over - 0 run(s), 0 hit(s), 0 error(s), 1 left on base; Colorado 0 - Jasper 8 |
TOP OF THE 6TH |
Colorado Commanders batting - Pitching for Jasper Cougars : LHP Jon Vaughn
|
Batting: RHB Samuel Pasolini
|
0-0: Called Strike 0-1: Swinging Strike 0-2: Ball 1-2: Strikes out swinging
|
Batting: RHB Randall Luna
|
0-0: Ball 1-0: Foul Ball, location: 2F 1-1: Ball 2-1: Swinging Strike 2-2: Foul Ball, location: 2F 2-2: Foul Ball, location: 2F 2-2: Foul Ball, location: 2F 2-2: Strikes out looking
|
Batting: RHB Chris Rice
|
0-0: Ball 1-0: DOUBLE (Groundball, 3L)
|
Pitching: RHP António Peña
|
|
Batting: RHB Kyle Vélez
|
0-0: Ball 1-0: Called Strike 1-1: Fly out, F5 (Line Drive, 5)
|
Top of the 6th over - 0 run(s), 1 hit(s), 0 error(s), 1 left on base; Colorado 0 - Jasper 8 |
BOTTOM OF THE 6TH |
Jasper Cougars batting - Pitching for Colorado Commanders : RHP Pedro Vélez
|
Batting: SHB Ron Edwards
|
0-0: Ball 1-0: Ball 2-0: Fly out, F8 (Flyball, 8LS)
|
Batting: RHB George Reeves
|
0-0: Called Strike 0-1: Ball 1-1: Ball 2-1: Foul Ball, location: 2F 2-2: Strikes out swinging
|
Batting: LHB Kyle Harrison
|
0-0: Ball 1-0: Called Strike 1-1: Ground out 4-3 (Groundball, 4)
|
Bottom of the 6th over - 0 run(s), 0 hit(s), 0 error(s), 0 left on base; Colorado 0 - Jasper 8 |
TOP OF THE 7TH |
Colorado Commanders batting - Pitching for Jasper Cougars : RHP António Peña
|
Batting: RHB Frank Martínez
|
0-0: Foul Ball, location: 2F 0-1: Ball 1-1: Foul Ball, location: 2F 1-2: Ball 2-2: Foul Ball, location: 2F 2-2: Ball 3-2: Strikes out swinging
|
Batting: RHB Nick Crosby
|
0-0: Called Strike 0-1: Called Strike 0-2: Fly out, F7 (Line Drive, 78M)
|
Batting: RHB Carlos Jiménez
|
0-0: Ball 1-0: Ball 2-0: Foul Ball, location: 2F 2-1: Ball 3-1: Called Strike 3-2: Foul Ball, location: 2F 3-2: Strikes out swinging
|
Top of the 7th over - 0 run(s), 0 hit(s), 0 error(s), 0 left on base; Colorado 0 - Jasper 8 |
BOTTOM OF THE 7TH |
Jasper Cougars batting - Pitching for Colorado Commanders : RHP Pedro Vélez
|
Pitching: RHP Joe King
|
|
Batting: SHB Rafael Acosta
|
0-0: Ball 1-0: Ball 2-0: SOLO HOME RUN (Flyball, 9LD), Distance : 310 ft
|
Batting: RHB Neil Weeks
|
0-0: Called Strike 0-1: Called Strike 0-2: Hit by Pitch
|
Batting: LHB John Stone
|
0-0: Ball 1-0: Sac Bunt - play at first, batter OUT! 1-4 Neil Weeks to second
|
Batting: SHB Carlos Córdova
|
0-0: Called Strike 0-1: Ball 1-1: Ball 2-1: Ball 3-1: Foul Ball, location: 2F 3-2: Base on Balls
|
Batting: LHB António Camacho
|
0-0: Ball 1-0: Fly out, F8 (Flyball, 8LM)
|
Batting: RHB David Hernández
|
0-0: Foul Ball, location: 2F 0-1: Fly out, F9 (Flyball, 9M)
|
Bottom of the 7th over - 1 run(s), 1 hit(s), 0 error(s), 2 left on base; Colorado 0 - Jasper 9 |
TOP OF THE 8TH |
Colorado Commanders batting - Pitching for Jasper Cougars : RHP António Peña
|
Batting: RHB Adam Reeves
|
0-0: Ball 1-0: Swinging Strike 1-1: Fly out, F7 (Flyball, 7M)
|
Batting: RHB Tony Barton
|
0-0: Ball 1-0: SINGLE (Groundball, 56D) (infield hit)
|
Batting: RHB Samuel Pasolini
|
0-0: Ball 1-0: Ball 2-0: DOUBLE (Line Drive, 9LM) Tony Barton to third
|
Batting: RHB Randall Luna
|
0-0: Called Strike 0-1: Fly out, F9 (Flyball, 89M) Runner from 3rd tags up, SCORES, no throw
|
Batting: RHB Chris Rice
|
0-0: Called Strike 0-1: Ball 1-1: Ball 2-1: Swinging Strike 2-2: Strikes out swinging
|
Top of the 8th over - 1 run(s), 2 hit(s), 0 error(s), 1 left on base; Colorado 1 - Jasper 9 |
BOTTOM OF THE 8TH |
Jasper Cougars batting - Pitching for Colorado Commanders : RHP Joe King
|
Batting: SHB Ron Edwards
|
0-0: Swinging Strike 0-1: Ball 1-1: Ball 2-1: Ground out 3-1 (Groundball, 34)
|
Batting: RHB George Reeves
|
0-0: Ball 1-0: Called Strike 1-1: Called Strike 1-2: Ball 2-2: SINGLE (Line Drive, 7S)
|
Batting: LHB Kyle Harrison
|
0-0: Ball 1-0: Foul Ball, location: 2F 1-1: Ball 2-1: Fly out, F6 (Popup, 6)
|
Batting: SHB Rafael Acosta
|
0-0: Ball George Reeves steals 2nd base 1-0: Swinging Strike 1-1: Foul Ball, location: 2F 1-2: Fly out, F3 (Popup, 23F)
|
Bottom of the 8th over - 0 run(s), 1 hit(s), 0 error(s), 1 left on base; Colorado 1 - Jasper 9 |
TOP OF THE 9TH |
Colorado Commanders batting - Pitching for Jasper Cougars : RHP António Peña
|
Batting: RHB Kyle Vélez
|
0-0: Called Strike 0-1: Foul Ball, location: 2F 0-2: Strikes out swinging
|
Pitching: LHP Alberto Guerra
|
|
Batting: RHB Frank Martínez
|
0-0: Called Strike 0-1: Ball 1-1: Foul Ball, location: 2F 1-2: Strikes out swinging
|
Batting: RHB Nick Crosby
|
0-0: Called Strike 0-1: Foul Ball, location: 2F 0-2: Foul Ball, location: 2F 0-2: Foul Ball, location: 2F 0-2: Foul Ball, location: 2F 0-2: Foul Ball, location: 2F 0-2: Ball 1-2: Ball 2-2: Strikes out swinging
|
Top of the 9th over - 0 run(s), 0 hit(s), 0 error(s), 0 left on base; Colorado 1 - Jasper 9 |
|